 Dungeon Crawl Stone Soup version 0.23.0-2-g0fe3ce5 (console) character file.

Game seed: 17723409701984134050

6938 bli the Spear-Bearer (level 11, -2/75 (76) HPs)
             Began as a Formicid Abyssal Knight on Feb 19, 2019.
             Was a High Priest of Lugonu.
             Slain by an orc warrior
             ... wielding a cursed +0 glaive
              (10 damage)
             ... in a bailey.
             The game lasted 00:38:20 (9264 turns).

bli the Spear-Bearer (Formicid Abyssal Knight)      Turns: 9264, Time: 00:38:21

HP:   -2/75 (76)    AC: 17    Str: 21    XL:     11   Next: 27%
MP:   12/12         EV: 12    Int: 12    God:    Lugonu [*****.]
Gold: 616           SH:  5    Dex: 15    Spells: 10/10 levels left

rFire    . . .     SeeInvis +   b - +0 glaive (venom)
rCold    + + .     Gourm    .   y - +0 buckler
rNeg     + . .     Faith    .   u - +6 scale mail of Pathos {rC+ MR- Stlth+}
rPois    .         Spirit   .   (helmet unavailable)
rElec    .         Reflect  .   t - +1 cloak
rCorr    .         Harm     .   Q - +0 pair of gloves
MR       .....                  (no boots)
Stlth    ++........             (no amulet)
HPRegen  0.22/turn              j - ring of positive energy
MPRegen  0.13/turn              C - ring of protection from cold

@: no status effects
A: permanent stasis, dig shafts and tunnels, four strong arms, antennae 3,
hooves 1, thin skeletal structure 1, frail 1, screaming 1, strong 2, evolution 1
a: Dig, Shaft Self, Depart the Abyss, Bend Space, Banish, Corrupt, Enter the
Abyss, Renounce Religion


You were in a bailey.
You worshipped Lugonu.
Lugonu was extremely pleased with you.
You were hungry.

You visited 1 branch of the dungeon, and saw 9 of its levels.
You visited the Abyss 1 time.
You also visited: Bailey.

You collected 616 gold pieces.

Inventory:

Hand Weapons
 a - a +0 spear of distortion
 b - a +0 glaive of venom (weapon)
 d - a +1 mace
 o - a +2 flail of draining
 q - a +0 hunting sling
 s - a +4 quarterstaff of chaos
 R - a +0 bardiche
 S - the +7 dagger of Foigol {pierce, MR+}
   (You found it on level 8 of the Dungeon)

   It inflicts extra damage upon your enemies.
   It affects your resistance to hostile enchantments.
Missiles
 i - 3 throwing nets (quivered)
 p - 342 stones
 D - 3 javelins
 H - 5 tomahawks
Armour
 l - a +0 leather armour
 t - a +1 cloak (worn)
 u - the +6 scale mail of Pathos (worn) {rC+ MR- Stlth+}
   (You found it on level 5 of the Dungeon)

   It protects you from cold.
   It affects your resistance to hostile enchantments.
   It makes you more stealthy.
 w - a +0 plate armour
 y - a +0 buckler (worn)
 Q - a +0 pair of gloves (worn)
Magical Staves
 M - an uncursed staff of cold
Jewellery
 j - a ring of positive energy (left hand)
 x - an uncursed ring of positive energy
 C - a ring of protection from cold (right hand)
Wands
 z - a wand of polymorph (13)
 B - a wand of paralysis (8)
 E - a wand of disintegration (20)
 J - a wand of random effects (9)
Scrolls
 e - 4 scrolls of fog
 f - a scroll of fear
 g - 3 scrolls of enchant armour
 n - 2 scrolls of remove curse
 v - a scroll of noise
 A - a scroll of random uselessness {unknown}
 F - 2 scrolls of magic mapping
 I - a scroll of identify
 K - a scroll of enchant weapon {unknown}
 L - 2 scrolls of teleportation
 P - a scroll of blinking {unknown}
 X - a scroll of amnesia {unknown}
Potions
 h - a potion of mutation
 k - 5 potions of heal wounds
 m - 3 potions of agility
 r - 2 potions of might {unknown}
 N - a potion of flight
 O - a potion of ambrosia
 T - a potion of lignification {unknown}
 U - 3 potions of curing
 V - 4 potions of resistance
 Y - 2 potions of haste
Comestibles
 c - 19 rations
 W - 20 chunks of flesh


   Skills:
 * Level 7.7 Fighting
 + Level 2.0 Maces & Flails
 * Level 12.1 Polearms
 + Level 8.2 Armour
 + Level 4.0 Dodging
 + Level 2.3 Stealth
 - Level 3.0 Shields
 - Level 2.1 Invocations
 + Level 0.1 Evocations


You had 10 spell levels left.
You didn't know any spells.
Your spell library contained the following spells:

 Spells                   Type           Power        Failure   Level  Hunger
 Flame Tongue             Conj/Fire      #....        61%         1    ##.....
 Throw Flame              Conj/Fire      #.....       75%         2    ###....
 Conjure Flame            Conj/Fire      #.......     93%         3    ####...
 Inner Flame              Hex/Fire       #.......     93%         3    ####...
 Sticky Flame             Conj/Fire      #.......     100%        4    #####..
 Fireball                 Conj/Fire      #.........   100%        5    ######.


Dungeon Overview and Level Annotations

Branches:
Dungeon (9/15)             Temple (0/1) D:4            Lair (0/6) D:8
    Orc: D:9-12

Altars:
Dithmenos
Fedhas
Hepliaklqana
Makhleb
Nemelex Xobeh
Okawaru
Uskayaw
Xom
Yredelemnul

Shops:
D:5 }   D:9 (

Annotations:
Abyss:1 Joseph, Menkaure


Innate Abilities, Weirdness & Mutations

You cannot be hasted, slowed, berserked, paralysed or teleported.
You can dig through walls and to a lower floor.
Your four strong arms can wield two-handed weapons with a shield.
You have a pair of large antennae on your head. (SInv)
You have large cloven feet.
You have a somewhat thin skeletal structure. (Dex +2, Stealth)
You are frail. (-10% HP)
You occasionally shout uncontrollably at your foes.
Your muscles are very strong. (Str +4)
You evolve.


Message History

The orc knight shouts!
You hit the orc.
The orc is poisoned.
You kick the orc.
The orc is severely wounded.
The orc warrior barely misses you. The orc closely misses you.
The orc warrior barely misses you. The orc hits you but does no damage.
You barely miss the orc. Your kick misses the orc.
The orc is severely wounded.
The orc warrior hits you from afar with a +0 glaive!!
The orc hits you but does no damage.
The orc warrior hits you from afar with a cursed +0 glaive!
* * * LOW HITPOINT WARNING * * *
The orc hits you but does no damage.
You slash the orc!
You kill the orc!
Lugonu accepts your kill.
The orc warrior hits you from afar with a +0 glaive!
* * * LOW HITPOINT WARNING * * *
The orc barely misses you.
The orc warrior hits you from afar with a cursed +0 glaive!
You die...

####### ############
#########.....## ##........∩.#
.#.....#.....o.######.....)...)..
.'.....'.....)o#....#............
.')=...'..)..oo)@...))........).∩
.'.....'.....oo#)...#......)..)..
.#.....#.......######.....)......
#########.....## ##........∩.#
####### ############


You could see an orc knight, 2 orc warriors and 3 orcs.

Vanquished Creatures
  A two-headed ogre (D:8)
  Prince Ribbit (D:9)
  A hippogriff (D:8)
  A yak (D:8)
  Sigmund (D:6)
  A spriggan (D:9)
  A wyvern (D:6)
  A hungry ghost (D:9)
  Grum (D:8)
  3 wargs
  A water moccasin (D:9)
  3 orc warriors (Bailey)
  A black bear (D:7)
  3 necrophages (D:9)
  A hornet zombie (D:9)
  A phantom (D:7)
  2 sky beasts
  3 ice beasts
  3 ogres
  A wolf (D:7)
  A centaur (D:9)
  2 big kobolds
  6 bullfrogs
  A wyvern zombie (D:9)
  A water moccasin zombie (D:8)
  2 scorpions
  3 crimson imps
  3 howler monkeys
  Crazy Yiuf (D:2)
  A quasit (D:7)
  4 orc priests
  A bullfrog zombie (D:9)
  A centaur skeleton (D:8)
  A gnoll shaman (D:7)
  2 hounds
  A jelly (D:7)
  2 iguanas
  4 worker ants
  11 orc wizards
  A hound zombie (D:8)
  A hound skeleton (D:9)
  12 adders
  9 gnolls
  A shadow imp (D:6)
  An ooze (D:3)
  2 adder zombies (D:9)
  4 adder skeletons
  A worm (D:6)
  3 dart slugs
  5 leopard geckos
  55 orcs
  4 bats
  A bat skeleton (D:2)
  A bat zombie (D:2)
  A giant cockroach (D:5)
  12 goblins
  8 hobgoblins
  8 jackals
  5 quokkas
  13 frilled lizards
  A jackal skeleton (D:6)
  A jackal zombie (D:6)
  16 kobolds
  3 rats
  A fungus (D:2)
249 creatures vanquished.

Vanquished Creatures (others)
  A shadow (D:6)
  A water moccasin (D:5)
  A sky beast (D:6)
  A killer bee (D:6)
  A crimson imp (D:6)
  A bullfrog zombie (D:5)
  4 gnolls
  An adder (D:3)
  A shadow imp (D:6)
  3 orcs
  5 jackals
  A frilled lizard (D:2)
  A quokka skeleton (D:5)
  A rat (D:3)
23 creatures vanquished.

Grand Total: 272 creatures vanquished

Notes
Turn   | Place    | Note
-------+----------+-------------------------------------------
     0 | Abyss:1  | bli the Formicid Abyssal Knight began the quest for the
                  | Orb.
     0 | Abyss:1  | Reached XP level 1. HP: 18/18 MP: 2/2
    73 | Abyss:2  | Noticed a purple very ugly thing
    73 | Abyss:2  | Noticed a purple ugly thing
    73 | Abyss:2  | Noticed a purple very ugly thing
    89 | Abyss:2  | Noticed a small abomination
   117 | Abyss:2  | Noticed a large abomination
   118 | D:1      | Escaped the Abyss
   308 | D:1      | Reached XP level 2. HP: 21/24 MP: 3/3
   406 | D:1      | Reached skill level 1 in Stealth
   457 | D:1      | Reached skill level 1 in Dodging
   987 | D:2      | Reached * piety under Lugonu
   988 | D:2      | Reached XP level 3. HP: 18/29 MP: 4/4
  1213 | D:2      | Reached skill level 1 in Polearms
  1355 | D:2      | Reached XP level 4. HP: 17/35 MP: 5/5
  1666 | D:2      | Found a runed translucent door.
  1667 | D:2      | Noticed Crazy Yiuf
  1674 | D:2      | Killed Crazy Yiuf
  1674 | D:2      | Reached skill level 2 in Polearms
  1841 | D:3      | Reached XP level 5. HP: 32/41 MP: 6/6
  2099 | D:3      | Reached ** piety under Lugonu
  2104 | D:3      | Reached skill level 3 in Polearms
  2473 | D:3      | Reached XP level 6. HP: 43/47 MP: 7/7
  2791 | D:3      | Found an iron altar of Okawaru.
  3273 | D:4      | Reached skill level 4 in Polearms
  3338 | D:4      | Found a hide-covered altar of Uskayaw.
  3338 | D:4      | Noticed a +0 hand axe
  3339 | D:4      | Noticed a +0 dagger
  3509 | D:4      | Found a staircase to the Ecumenical Temple.
  3539 | D:4      | Reached XP level 7. HP: 53/53 MP: 8/8
  3607 | D:4      | Found a sparkling altar of Nemelex Xobeh.
  3747 | D:4      | Found a blossoming altar of Fedhas.
  3894 | D:5      | Entered Level 5 of the Dungeon
  3960 | D:5      | Got a faintly glowing scale mail
  4003 | D:5      | Identified the +6 scale mail of Pathos {rC+ MR- Stlth+}
                  | (You found it on level 5 of the Dungeon)
  4022 | D:5      | Reached *** piety under Lugonu
  4034 | D:5      | Reached skill level 5 in Polearms
  4475 | D:5      | Reached skill level 6 in Polearms
  4475 | D:5      | Reached XP level 8. HP: 60/60 MP: 9/9
  4485 | D:5      | Found Mollommi's Gadget Shoppe.
  5065 | D:6      | Noticed a wyvern
  5072 | D:6      | Reached skill level 5 in Armour
  5080 | D:6      | Killed a wyvern
  5080 | D:6      | Reached skill level 7 in Polearms
  5081 | D:6      | Noticed a shadow
  5091 | D:6      | Banished a shadow
  5143 | D:6      | Reached **** piety under Lugonu
  5151 | D:6      | Noticed Menkaure
  5156 | D:6      | Banished Menkaure
  5156 | D:6      | Reached XP level 9. HP: 61/66 MP: 10/10
  5335 | D:6      | Reached skill level 8 in Polearms
  5376 | D:6      | Noticed Sigmund
  5430 | D:6      | Killed Sigmund
  5430 | D:6      | Reached skill level 1 in Shields
  5666 | D:6      | Reached skill level 5 in Fighting
  5912 | D:7      | Reached skill level 9 in Polearms
  6302 | D:7      | Found a burning altar of Makhleb.
  6303 | D:7      | Found a shimmering altar of Xom.
  6304 | D:7      | Found a basalt altar of Yredelemnul.
  6462 | D:7      | Found a hazy altar of Hepliaklqana.
  6525 | D:7      | Reached XP level 10. HP: 74/74 MP: 11/11
  7038 | D:8      | Reached ***** piety under Lugonu
  7082 | D:8      | Found a staircase to the Lair.
  7090 | D:8      | Noticed Grum
  7115 | D:7      | Reached skill level 10 in Polearms
  7236 | D:8      | Killed Grum
  7443 | D:8      | Gained mutation: You are frail. (-10% HP) [potion of
                  | mutation]
  7443 | D:8      | Gained mutation: You occasionally shout uncontrollably at
                  | your foes. [potion of mutation]
  7443 | D:8      | Gained mutation: You have a somewhat thin skeletal
                  | structure. (Dex +2, Stealth) [potion of mutation]
  7443 | D:8      | Gained mutation: Your muscles are strong. (Str +2) [potion
                  | of mutation]
  7444 | D:8      | Lost mutation: Your muscles are strong. (Str +2) [potion of
                  | mutation]
  7444 | D:8      | Gained mutation: Your muscles are strong. (Str +2) [potion
                  | of mutation]
  7444 | D:8      | Gained mutation: Your muscles are very strong. (Str +4)
                  | [potion of mutation]
  7444 | D:8      | Gained mutation: You evolve. [potion of mutation]
  7444 | D:8      | Gained mutation: You have large cloven feet. [potion of
                  | mutation]
  7455 | D:8      | Noticed Joseph
  7470 | D:8      | Banished Joseph
  7521 | D:8      | Noticed a two-headed ogre
  7536 | D:8      | Killed a two-headed ogre
  7554 | D:8      | Got a bone dagger
  7555 | D:8      | Identified the +7 dagger of Foigol {pierce, MR+} (You found
                  | it on level 8 of the Dungeon)
  7813 | D:8      | Reached skill level 11 in Polearms
  7972 | D:8      | Found a shadowy altar of Dithmenos.
  8183 | D:9      | Found Rurchoc's Weapon Emporium.
  8300 | D:9      | Noticed Prince Ribbit
  8315 | D:9      | Reached XP level 11. HP: 75/75 MP: 12/12
  8342 | D:9      | Killed Prince Ribbit
  8449 | D:9      | Found a blossoming altar of Fedhas.
  8788 | D:9      | Found a flagged portal.
  8805 | Bailey   | Entered a bailey
  8824 | Bailey   | Reached skill level 12 in Polearms
  9261 | Bailey   | Noticed an orc knight
  9264 | Bailey   | Slain by an orc warrior

Skill      XL: |  1  2  3  4  5  6  7  8  9 10 11 |
---------------+----------------------------------+-----
Stealth        | 1 2 |  2.3
Dodging        | 1 2 3 4 |  4.0
Armour         | 3 4 6 7 8 |  8.2
Polearms       | 1 2 3 4 6 7 9 11 12 | 12.1
Fighting       | 4 5 7 |  7.7
Shields        | 2 3 |  3.0
Maces & Flails | |  2.0
Invocations    | |  2.1
Evocations     | |  0.1

Action                   |  1- 3 |  4- 6 |  7- 9 | 10-12 || total
-------------------------+-------+-------+-------+-------++-------
Melee: Spear             |    94 |   173 |   355 |   172 ||   794
       Glaive            |       |       |       |   194 ||   194
       Kick              |       |       |       |    65 ||    65
Throw: Throwing net      |       |     2 |     3 |       ||     5
Invok: Depart the Abyss  |     1 |       |       |       ||     1
 Abil: Dig               |     1 |       |     3 |     5 ||     9
Evoke: Wand              |       |       |       |     5 ||     5
  Use: Scroll            |       |       |     8 |     8 ||    16
       Potion            |       |       |       |     4 ||     4
 Stab: Sleeping          |     2 |     1 |     2 |     3 ||     8
  Eat: Chunk             |     1 |     7 |    11 |     9 ||    28
Armor: Leather armour    |    26 |    24 |     3 |       ||    53
       Scale mail        |       |       |   100 |   171 ||   271
Dodge: Dodged            |    48 |    58 |    84 |   235 ||   425
Block: Buckler           |       |       |    14 |    86 ||   100
